 Dungeon Crawl Stone Soup version bcrawl-1.21.3 (webtiles) character file.

Game seed: 8272335173979419718

154 Flugslaktarn the Chopper (level 5, -9/29 HPs)
             Began as a Skeleton Archaeologist on Mar 30, 2020.
             Mangled by an ogre
             ... wielding a +0 giant club
              (22 damage)
             ... on level 3 of the Dungeon.
             The game lasted 00:01:30 (2882 turns).

Flugslaktarn the Chopper (Skeleton Archaeologist)   Turns: 2882, Time: 00:01:31

Health: -9/29      AC: 11    Str: 19      XL:     5   Next: 13%
Magic:  0/5        EV:  8    Int: 12      God:
Gold:   106        SH:  0    Dex:  3 (4)  Spells: 4/4 levels left

rFire    . . .     SeeInvis .   i - +0 hand axe
rCold    + . .     Gourm    .   (no shield)
rNeg     + + +     Faith    .   n - +0 chain mail
rPois    ∞         Spirit   +   o - +0 helmet
rElec    .         Reflect  .   (no cloak)
rCorr    .         Harm     .   (no gloves)
MR       .....                  d - +1 pair of boots
Stlth    ..........             (no amulet)
HPRegen  0.09/turn              l - -3 ring of dexterity (curse)
MPRegen  0.09/turn              (no ring)

@: no status effects
A: no food or potions, cold resistance 1, deterioration 1, negative energy
resistance 3, torment resistance, unbreathing, magic shield, sturdy frame 1,
spell healing
a: no special abilities


You were on level 3 of the Dungeon.
You were not hungry.

You visited 1 branch of the dungeon, and saw 3 of its levels.

You collected 106 gold pieces.

Inventory:

Hand Weapons
 a - a +0 whip
 i - a +0 hand axe (weapon)
   (You found it on level 1 of the Dungeon)
Armour
 d - a +1 pair of boots (worn)
 n - a +0 chain mail (worn)
   (You found it on level 2 of the Dungeon)
 o - a +0 helmet (worn)
   (You took it off Robin on level 3 of the Dungeon)
Jewellery
 l - a cursed -3 ring of dexterity (left hand)
   (You found it on level 1 of the Dungeon)
Scrolls
 e - a scroll of magic mapping
 f - a scroll of acquirement
 g - 4 scrolls of identify {unknown}
 h - 3 scrolls of remove curse {unknown}
 j - 5 scrolls of amnesia {unknown}
 k - a scroll of teleportation {unknown}
 m - a scroll of fear {unknown}


   Skills:
 - Level 1.6 Fighting
 + Level 5.6(5.7) Axes
 - Level 1.2(3.7) Maces & Flails
 - Level 3.0 Dodging
 - Level 3.6 Stealth


You had 4 spell levels left.
You didn't know any spells.
Your spell library was empty.

Dungeon Overview and Level Annotations

Branches:
Dungeon (3/12)

Altars:

Annotations:
D:3 2 transporters


Innate Abilities, Weirdness & Mutations

You do not eat or drink.
You are immune to poison.
Your flesh is cold resistant. (rC+)
Your body sometimes deteriorates upon taking damage.
You are immune to negative energy. (rN+++)
You are immune to unholy pain and torment.
You can survive without breathing.
When hurt, damage is shared between your health and your magic reserves.
Your movements are slightly less encumbered by armour. (ER -2)
Casting spells heals you.


Message History

You hit the ogre.
The ogre is moderately wounded.
The ogre hits you with a +0 giant club.
You hit the ogre.
The ogre is severely wounded.
The ogre hits you with a +0 giant club!
Your chain mail prevents you from hitting the ogre.
The ogre is severely wounded.
The ogre hits you with a +0 giant club.
You barely miss the ogre.
The ogre is severely wounded.
You hit the ogre.
The ogre is severely wounded.
The ogre hits you with a +0 giant club!
Your body deteriorates!
You feel clumsy.
You barely miss the ogre.
The ogre is severely wounded.
The ogre hits you with a +0 giant club!!
Ouch! That really hurt!
You die...

...# #..#.#!.####[#≈...≈#
...## ###...#........#≈.⌠.≈#
....####.............)#≈...≈#
...†..##...).#........#;...;#
..##......#.##........#;...≈#
.###...##.§...........###+###
.............#........#P./.P#
../..#....####.[O.....#8.©.8#
............##..@.....#######
..###.....#.##.#.##......©...
#.# #..........#.#..........
..# #.....>##..............
#..#.......###..........!.
##....####.. #.#.........
.#...# ....... ..#... #...##.
#?#....


You could see an ogre and 2 electric eels.

Vanquished Creatures
  A hound (D:3)
  Jessica (D:3)
  Robin (D:3)
  An adder (D:3)
  A gnoll (D:2)
  A worm (D:2)
  2 dart slugs
  3 leopard geckos (D:2)
  6 giant cockroaches
  10 goblins
  7 hobgoblins
  4 jackals (D:1)
  3 quokkas (D:2)
  A ball python (D:2)
  4 bats
  2 frilled lizards
  7 kobolds
  3 rats (D:2)
58 creatures vanquished.

Notes
Turn   | Place    | Note
-------+----------+-------------------------------------------
     0 | D:1      | Flugslaktarn the Skeleton Archaeologist began the quest for
                  | the Orb.
     0 | D:1      | Reached XP level 1. HP: 12/12 MP: 1/1
   450 | D:1      | Reached skill level 1 in Axes
   525 | D:1      | Reached XP level 2. HP: 13/16 MP: 2/2
   835 | D:1      | Reached skill level 2 in Axes
   959 | D:2      | Reached XP level 3. HP: 6/20 MP: 3/3
  1210 | D:2      | Reached skill level 3 in Axes
  1898 | D:2      | Reached skill level 4 in Axes
  2081 | D:3      | Found a faded altar of an unknown god.
  2083 | D:3      | Found a transporter.
  2088 | D:3      | Noticed Robin
  2095 | D:3      | Reached XP level 4. HP: 16/25 MP: 2/4
  2413 | D:3      | Killed Robin
  2413 | D:3      | Reached skill level 5 in Axes
  2527 | D:3      | Found a transporter.
  2651 | D:3      | Noticed an ogre
  2652 | D:3      | Noticed Jessica
  2875 | D:3      | Killed Jessica
  2875 | D:3      | Reached XP level 5. HP: 29/29 MP: 5/5
  2875 | D:3      | Identified a scroll of acquirement
  2882 | D:3      | Mangled by an ogre

Skill      XL: |  1  2  3  4 |
---------------+-------------+-----
Axes           | 1 2 4 5 |  5.6
Fighting       | |  1.6
Maces & Flails | |  1.2
Dodging        | |  3.0
Stealth        | |  3.6

Action                   |  1- 3 |  4- 6 || total
-------------------------+-------+-------++-------
Melee: Whip              |    22 |       ||    22
       Hand axe          |   224 |    56 ||   280
 Stab: Sleeping          |     3 |       ||     3
Armor: Robe              |    57 |       ||    57
       Chain mail        |    96 |    33 ||   129
Dodge: Dodged            |   147 |    22 ||   169
